 Dungeon Crawl Stone Soup version 0.30-a0-1160-g6e42c06551 (webtiles) character file.

Game seed: 16976095056250912734

45704 lepidoperist the Spry (level 14, -5/106 HPs)
             Began as a Merfolk Gladiator on Apr 25, 2023.
             Was the Champion of Hepliaklqana.
             Slain by a death yak (9 damage)
             ... while petrified by a catoblepas
             ... on level 5 of the Lair of Beasts.
             The game lasted 00:45:59 (25311 turns).

lepidoperist the Spry (Merfolk Gladiator)          Turns: 25311, Time: 00:46:00

Health: -5/106     AC: 11    Str: 16    XL:     14   Next: 34%
Magic:  14/14      EV:  2    Int: 10    God:    Hepliaklqana [******]
Gold:   1124       SH:  0    Dex: 19    Spells: 8/13 levels left

rFire   . . .        a - +2 trident (drain)
rCold   . . .        (no shield)
rNeg    + + +        k - +0 ring mail "Usir" {rPois Dex+3}
rPois   ∞            c - +1 helmet
rElec   .            (no cloak)
rCorr   .            E - +0 pair of gloves
SInv    .            D - +1 pair of boots
Will    +++..        (no amulet)
Stlth   ++           H - ring of willpower
HPRegen 0.37/turn    I - ring of willpower
MPRegen 0.14/turn

%: no passive effects
@: petrified, studying Armour
A: reduced essence, (nimble swimmer 2), mertail
a: Renounce Religion, Recall Ancestor, Ancestor Identity, Transference, Idealise


You were on level 5 of the Lair of Beasts.
You worshipped Hepliaklqana.
Hepliaklqana was exalted by your worship.
You visited 3 branches of the dungeon, and saw 17 of its levels.

You collected 1124 gold pieces.

Inventory:

Hand Weapons
 a - a +2 trident of draining (weapon)
 b - the +6 sling of Law {heavy, Fly rCorr Stlth+}
   (You found it on level 2 of the Dungeon)

   Fly:       It grants you flight.
   rCorr:     It protects you from acid and corrosion.
   Stlth:     It makes you more stealthy.
 n - a +0 glaive
Missiles
 d - 5 throwing nets (quivered)
 e - 4 javelins
 i - 21 poisoned darts
 m - 119 stones
Armour
 c - a +1 helmet (worn)
 k - the +0 ring mail "Usir" (worn) {rPois Dex+3}
   (You found it on level 2 of the Dungeon)

   Dex:       It affects your dexterity (+3).
   rPois:     It protects you from poison.
 l - a +0 leather armour
 D - a +1 pair of boots (worn)
 E - a +0 pair of gloves (worn)
Jewellery
 o - an amulet of magic regeneration
 t - a +6 ring of dexterity
 u - a ring of see invisible
 w - a ring of ice
 z - an amulet of faith
 H - a ring of willpower (left hand)
 I - a ring of willpower (right hand)
 O - the amulet of Fafa {Reflect rPois rF- rC++ Str+4 SH+5}
   (You found it on level 8 of the Dungeon)

   [amulet of reflection]

   It reflects blocked missile attacks.
   Str:       It affects your strength (+4).
   rF:        It makes you vulnerable to fire.
   rC:        It greatly protects you from cold.
   rPois:     It protects you from poison.
   SH:        It affects your SH (+5).
 R - an amulet of regeneration
Wands
 p - a wand of flame (40)
 q - a wand of quicksilver (8)
 y - a wand of mindburst (10)
 K - a wand of iceblast (6)
 Q - a wand of paralysis (8)
Scrolls
 g - 3 scrolls of teleportation
 j - 8 scrolls of identify
 s - 4 scrolls of amnesia
 A - 2 scrolls of noise
 C - 3 scrolls of fear
 F - a scroll of magic mapping
 S - 2 scrolls of poison {unknown}
 T - a scroll of fog
 V - a scroll of silence
Potions
 f - 2 potions of flight
 h - 8 potions of curing
 r - a potion of berserk rage
 v - 4 potions of heal wounds
 x - 2 potions of ambrosia
 B - a potion of invisibility
 G - 3 potions of brilliance
 J - a potion of magic
 L - 3 potions of lignification
 M - 3 potions of mutation
 N - a potion of resistance {unknown}
 P - 3 potions of haste
 U - a potion of cancellation {unknown}


   Skills:
 - Level 13.0 Fighting
 - Level 16.0 Polearms
 - Level 1.7 Ranged Weapons
 - Level 6.2 Throwing
 - Level 5.3 Armour
 + Level 17.6 Dodging
 - Level 1.7 Stealth
 + Level 8.0 Summonings
 - Level 3.2 Evocations


You had 8 spell levels left.
You knew the following spells:

 Your Spells              Type           Power      Damage    Failure   Level
a - Summon Mana Viper     Hex/Summ       8%         N/A       98%         5

Your spell library contained the following spells:

 Spells                   Type           Power      Damage    Failure   Level
 Call Canine Familiar     Summ           16%        N/A       8%          3
 Slow                     Hex            0%         N/A       56%         1
 Cigotuvi's Dreadful Rot  Necr/Pois/Air  0%         N/A       71%         2
 Summon Ice Beast         Ice/Summ       8%         N/A       78%         4
 Confusing Touch          Hex            0%         N/A       90%         3
 Vampiric Draining        Necr           0%         2d6       90%         3
 Olgreb's Toxic Radiance  Pois           0%         N/A       100%        4
 Monstrous Menagerie      Summ           8%         N/A       100%        7
 Summon Hydra             Summ           8%         N/A       100%        7
 Discord                  Hex            0%         N/A       100%        8
 Ignition                 Fire           0%         3d3       100%        8


Dungeon Overview and Level Annotations

Branches:
Dungeon (11/15)            Temple (1/1) D:6            Lair (5/5) D:9
  Swamp (0/4) Lair:2        Snake (0/4) Lair:3        Slime (0/5) Lair:4
    Orc (0/2) D:10

Altars:
Ashenzari
Cheibriados
Dithmenos
Elyvilon
Fedhas
Gozag
Hepliaklqana
Kikubaaqudgha
Makhleb
Nemelex Xobeh
Okawaru
Qazlal
Ru
Sif Muna
Trog
Uskayaw
Vehumet
Wu Jian
Xom
Yredelemnul
Zin
The Shining One
Jiyva

Shops:
D:4 =   D:10 (

Annotations:
D:3 2 transporters, AiryTheDragon's ghost, amateur KoHs


Innate Abilities, Weirdness & Mutations

Your life essence is reduced to manifest your ancestor. (-10% HP)
((You are very nimble when in or above water. (Stealth+, EV+, Speed+++)))
Your lower body shifts to a powerful aquatic tail in water.


Message History

You hit the catoblepas. You drain the catoblepas.
The catoblepas is lightly wounded.
You are engulfed in calcifying dust.
You are slowing down.
The death yak is no longer petrified.
The catoblepas gores you but does no damage.
Servia hits the catoblepas with a +0 flail.
The catoblepas gores you.
Your limbs are stiffening.
You hit the catoblepas. You drain the catoblepas.
The catoblepas is lightly wounded.
Servia hits the catoblepas with a +0 flail.
You have turned to stone.
The catoblepas breathes a plume of calcifying dust at you.
The blast of calcifying dust hits you. The death yak gores you!!
You are engulfed in calcifying dust.
Servia hits the death yak with a +0 flail.
The death yak gores you! x2; The catoblepas gores you.
You are engulfed in calcifying dust.
The death yak gores you!! x2
Servia hits the death yak with a +0 flail!
The catoblepas breathes a plume of calcifying dust at you.
The blast of calcifying dust hits you.
You are engulfed in calcifying dust.
The death yak barely misses you. The catoblepas gores you!
* * * LOW HITPOINT WARNING * * *
The death yak gores you.
You are engulfed in calcifying dust.
Servia hits the death yak but does no damage.
The death yak gores you!!
* * * LOW HITPOINT WARNING * * *
The death yak gores you but does no damage.
The catoblepas breathes a plume of calcifying dust at you.
The blast of calcifying dust hits you.
The death yak gores you but does no damage.
The death yak gores you!
* * * LOW HITPOINT WARNING * * *
Servia hits the death yak with a +0 flail!
The catoblepas gores you.
* * * LOW HITPOINT WARNING * * *
The death yak gores you!!
You die...

.#######...#..## #.....#
..##....#......# ##.#.##
......#...#..#### #.####
.#.......##.....####
##.##
#..##...........#.P#
##...##
#######....[......#####
#.....#
#..#......R.....###...###
#
##...#...#YY...........#
###
##....#.##.Y@.##.....P..#
..#
#.............#####...P.#
### ###..........##
#.#..P### .##
#............# ##...##
..## #.#.........## #..##
.#.# ###........## #..#
### ...## #.......#.##
#..####.#### .#..#
#P....#.##.# #.....§..§..
..### ##....#.####
##...§......


You could see the friendly Servia the knight, 2 death yaks and a catoblepas
(drained, ally target).

Vanquished Creatures
  Fannar (D:11)
  2 hydras
  A catoblepas (Lair:5)
  2 two-headed ogres
  A death yak (Lair:2)
  2 skysharks (Lair:5)
  Pikel (D:6)
  17 elephants
  4 black mambas
  Joseph (D:10)
  4 torpor snails
  4 cane toads
  2 rime drakes (Lair:2)
  7 komodo dragons
  2 trolls
  3 polar bears
  4 hornets (Lair:4)
  Prince Ribbit (D:6)
  10 blink frogs
  Sigmund (D:3)
  3 wyverns
  A wraith (D:11)
  39 yaks
  2 basilisks
  Grum (D:8)
  Menkaure (D:5)
  3 nagas (Lair:3)
  10 water moccasins
  2 orc warriors
  A sky beast (D:7)
  6 black bears
  A centaur (D:10)
  22 wolves
  A lemure (D:6)
  3 phantoms
  Blork the orc (D:4)
  13 bullfrogs
  2 scorpions (D:5)
  16 wights
  8 killer bees
  4 electric eels
  5 lava snakes (Lair:2)
  4 hounds
  6 orc priests
  3 jellies
  An iguana (D:4)
  A sleepcap (D:6)
  Natasha (thrice) (D:2)
  9 orc wizards
  8 gnolls
  9 adders
  A shadow imp (D:6)
  A white imp (D:5)
  A worm (D:3)
  3 dart slugs
  39 orcs
  6 bats
  9 endoplasms
  2 giant cockroaches (D:2)
  6 goblins (D:1)
  5 hobgoblins
  8 jackals
  18 kobolds
  A quokka (D:1)
  7 ball pythons
  A frilled lizard (D:2)
  4 rats
371 creatures vanquished.

Vanquished Creatures (collateral kills)
  A hydra (Lair:4)
  A death yak (Lair:5)
  2 skysharks (Lair:4)
  An elephant (Lair:3)
  A black mamba (Lair:5)
  Maurice (D:9)
  3 cane toads
  3 rime drakes (Lair:5)
  A komodo dragon (Lair:5)
  A blink frog (Lair:2)
  2 wyverns
  A basilisk (D:9)
  9 yaks
  2 water moccasins
  2 orc warriors
  An ice beast (D:8)
  3 black bears
  6 wolves
  2 kobold brigands
  5 bullfrogs
  7 wights
  5 killer bees
  A lava snake (Lair:1)
  2 orc priests (D:8)
  A gnoll bouda (D:8)
  An iguana (D:6)
  5 orc wizards
  2 gnolls
  16 orcs
  An endoplasm (Lair:4)
  A kobold (D:10)
90 creatures vanquished.

Vanquished Creatures (others)
  5 knights
  An orc wizard (D:5)
  5 ancestors
  41 fungi
  95 plants
147 creatures vanquished.

Grand Total: 608 creatures vanquished

Notes
Turn   | Place    | Note
-------+----------+-------------------------------------------
     0 | D:1      | lepidoperist the Merfolk Gladiator began the quest for the
                  | Orb.
     0 | D:1      | Reached XP level 1. HP: 16/16 MP: 1/1
   146 | D:1      | Reached XP level 2. HP: 22/22 MP: 2/2
   366 | D:1      | Reached XP level 3. HP: 24/28 MP: 3/3
   863 | D:2      | Identified the +0 ring mail "Usir" {rPois Dex+3}
   889 | D:2      | Identified the +6 sling of Law {heavy, Fly rCorr Stlth+}
   990 | D:2      | Reached skill level 5 in Polearms
  1026 | D:2      | Noticed Natasha
  1034 | D:2      | Killed Natasha
  1035 | D:2      | Reached XP level 4. HP: 21/34 MP: 4/4
  1116 | D:2      | Noticed Natasha
  1126 | D:2      | Killed Natasha
  1127 | D:2      | Reached skill level 5 in Dodging
  1239 | D:2      | Noticed Natasha
  1377 | D:2      | Killed Natasha
  1378 | D:2      | Reached skill level 1 in Armour
  1378 | D:2      | Reached XP level 5. HP: 10/39 MP: 5/5
  1515 | D:2      | Reached skill level 1 in Stealth
  1736 | D:3      | Noticed AiryTheDragon's ghost (amateur KoHs)
  1773 | D:3      | Found a transporter.
  1775 | D:3      | Found a transporter.
  1788 | D:3      | Noticed Sigmund
  1798 | D:3      | Killed Sigmund
  1799 | D:3      | Reached skill level 1 in Ranged Weapons
  1799 | D:3      | Reached XP level 6. HP: 45/47 MP: 6/6
  1865 | D:3      | You fall into a shaft and drop 2 floors!
  1865 | D:5      | Entered Level 5 of the Dungeon
  2057 | D:4      | Noticed Blork the orc
  2284 | D:3      | Found a sparkling altar of Nemelex Xobeh.
  2284 | D:3      | Found a radiant altar of Vehumet.
  2288 | D:3      | Found a shimmering blue altar of Sif Muna.
  2289 | D:3      | Found an ornate altar of the Wu Jian Council.
  2479 | D:3      | Reached XP level 7. HP: 25/52 MP: 7/7
  3191 | D:4      | Found Hozask's Jewellery Emporium.
  3271 | D:4      | Found a shimmering altar of Xom.
  3373 | D:3      | Reached skill level 6 in Dodging
  3489 | D:4      | Killed Blork the orc
  4097 | D:5      | Noticed Menkaure
  4100 | D:5      | Killed Menkaure
  4101 | D:5      | Reached skill level 5 in Fighting
  4101 | D:5      | Reached skill level 7 in Dodging
  4101 | D:5      | Reached XP level 8. HP: 62/62 MP: 8/8
  4323 | D:6      | Noticed Prince Ribbit
  4342 | D:6      | Found a staircase to the Ecumenical Temple.
  4970 | Temple   | Entered the Ecumenical Temple
  5203 | Temple   | Became a worshipper of Hepliaklqana the Forgotten
  5421 | D:6      | Noticed a troll
  5630 | D:6      | Reached skill level 8 in Dodging
  6500 | D:6      | Found an opulent altar of Gozag.
  6589 | D:6      | Killed Prince Ribbit
  6590 | D:6      | Reached XP level 9. HP: 71/71 MP: 9/9
  6665 | D:6      | Noticed Pikel
  6687 | D:6      | Killed Pikel
  6688 | D:6      | Reached skill level 9 in Dodging
  7150 | D:7      | Reached * piety under Hepliaklqana
  7312 | D:7      | Reached skill level 10 in Polearms
  8109 | D:8      | Noticed Grum
 11892 | D:8      | Identified the amulet of Fafa {Reflect rPois rF- rC++ Str+4
                  | SH+5}
 11914 | D:8      | Reached skill level 10 in Dodging
 12328 | D:8      | Killed Grum
 12479 | D:8      | Reached XP level 10. HP: 72/72 MP: 10/10
 12844 | D:8      | Reached skill level 11 in Dodging
 12931 | D:8      | Reached ** piety under Hepliaklqana
 12932 | D:8      | Remembered your ancestor Servia as a knight
 13552 | D:6      | Got the Volume of the Necrotic Familiar
 13709 | D:9      | Found a glowing golden altar of the Shining One.
 14285 | D:9      | Noticed Maurice
 14293 | D:9      | Killed Maurice
 14332 | D:9      | Reached skill level 12 in Dodging
 14466 | D:9      | Reached skill level 10 in Fighting
 14467 | D:9      | Reached XP level 11. HP: 75/81 MP: 11/11
 14535 | D:9      | Found a staircase to the Lair.
 15172 | D:9      | Reached *** piety under Hepliaklqana
 15298 | D:10     | Entered Level 10 of the Dungeon
 15430 | D:10     | Noticed a two-headed ogre
 15437 | D:10     | Killed a two-headed ogre
 15438 | D:10     | Reached skill level 13 in Dodging
 15438 | D:10     | Reached skill level 1 in Evocations
 15934 | D:10     | Found a staircase to the Orcish Mines.
 16133 | D:10     | Noticed Joseph
 16148 | D:10     | Killed Joseph
 16227 | D:10     | Found Tanime's Weapon Boutique.
 16466 | D:10     | Identified a scroll of acquirement
 16466 | D:10     | Acquired a manual of Armour
 16531 | D:11     | Noticed a two-headed ogre
 16548 | D:11     | Killed a two-headed ogre
 16630 | D:11     | Noticed Fannar
 16664 | D:11     | Killed Fannar
 16863 | Lair:1   | Entered Level 1 of the Lair of Beasts
 16929 | Lair:1   | Reached **** piety under Hepliaklqana
 17065 | Lair:1   | Reached XP level 12. HP: 90/90 MP: 12/12
 17548 | Lair:1   | You fall into a shaft and drop 1 floor!
 17564 | Lair:2   | Reached skill level 14 in Dodging
 18448 | Lair:2   | Found a staircase to the Swamp.
 18462 | Lair:2   | Reached skill level 5 in Armour
 18570 | Lair:2   | Noticed a death yak
 18572 | Lair:2   | Reached ***** piety under Hepliaklqana
 18600 | Lair:2   | Killed a death yak
 18728 | Lair:2   | Learned a level 5 spell: Summon Mana Viper
 18924 | Lair:1   | Reached skill level 1 in Summonings
 19153 | Lair:2   | Reached skill level 15 in Polearms
 19661 | Lair:3   | Reached skill level 15 in Dodging
 19714 | Lair:3   | Reached XP level 13. HP: 74/98 MP: 13/13
 20569 | Lair:3   | Identified the +1 robe of the Countless Shrikes {Fly Dex+4}
 20876 | Lair:3   | Found a staircase to the Snake Pit.
 21016 | Lair:3   | Identified the +1 scale mail "Ulaadgh" {-Cast Harm Dex+3
                  | Stlth+}
 21744 | Lair:4   | Reached skill level 16 in Dodging
 21744 | Lair:4   | Reached skill level 5 in Summonings
 21866 | Lair:4   | Found a viscous altar of Jiyva.
 21867 | Lair:4   | Found a staircase to the Slime Pits.
 22973 | Lair:5   | Entered Level 5 of the Lair of Beasts
 23351 | Lair:5   | Reached skill level 5 in Throwing
 23644 | Lair:5   | Reached XP level 14. HP: 92/106 MP: 14/14
 23673 | Lair:5   | Reached skill level 17 in Dodging
 23738 | Lair:5   | Reached ****** piety under Hepliaklqana
 25310 | Lair:5   | HP: 4/106 [catoblepas (3)]
 25311 | Lair:5   | Slain by a death yak

Illustrated notes

Levels and vault maps discovered:
D:1:      minmay_arrival_diagonal_passages, layout_loops_ring
D:2:      layout_basic, uniq_natasha
D:3:      cheibrodos_pilgrimage, layout_basic, minitemple, serial_glass,
          glass_columns_a, glass_columns_a, gammafunk_ghost_gnarly_gnolls,
          uniq_sigmund
D:4:      layout_rooms, mainiacjoe_overflow_alcove_4, serial_shops,
          nicolae_shop_pleasant_corner_grove, uniq_blork_the_orc
D:5:      layout_loops_cross, uniq_menkaure
D:6:      minmay_clustersquares, layout_cave_pods, grunt_gozag_breadcrumbs,
          minmay_temple_entry_statues_pillars, kennysheep_potato, uniq_pikel,
          uniq_prince_ribbit1
D:7:      layout_gridville, minmay_misc_feat_rugged, nrook_loot_triangle
D:8:      layout_loops_ring, dreamdust_mushroom_princess, uniq_grum
D:9:      layout_stronghold, overflow_temple_1_default, david_lair_generic,
          grunt_ministairs_5, hangedman_decor_lopped, uniq_maurice
D:10:     layout_irregular_city, david_orc_5, serial_shops,
          nicolae_shop_waterfront, minmay_misc_feat_rows, uniq_joseph
D:11:     layout_irregular_city, ebering_ghost_disaster_area, uniq_harold,
          uniq_fannar
Temple:   regret_index_temple_generic_petals
Lair:1:   layout_gridlike
Lair:2:   layout_regular_city, swamp_mist_pool, nicolae_lair_liquid_snakes
Lair:3:   layout_gridlike, guppyfry_snake_entry_garden
Lair:4:   cheibrodos_lair_overgrown_chateau, layout_regular_city,
          nicolae_slime_entry_slimehenge, lemuel_fruit_tree,
          serial_bayou_shore_a
Lair:5:   grunt_lair_end_beastmaster, layout_cave_pods,
          nicolae_volcano_entry_hallway, eino_small_chamber_without_monster

Skill      XL: |  1  2  3  4  5  6  7  8  9 10 11 12 13 14 |
---------------+-------------------------------------------+-----
Polearms       | 5 6 7 9 10 12 14 15 16 | 16.0
Dodging        | 5 7 8 10 12 13 15 16 17 | 17.6
Armour         | 1 3 5 |  5.3
Stealth        | 1 |  1.7
Fighting       | 3 5 6 8 10 11 12 13 | 13.0
Ranged Weapons | 1 |  1.7
Evocations     | 3 |  3.2
Summonings     | 3 6 8 |  8.0
Throwing       | 5 6 |  6.2

Action                     |  1- 3 |  4- 6 |  7- 9 | 10-12 | 13-15 || total
---------------------------+-------+-------+-------+-------+-------++-------
  Melee: Trident           |   115 |    84 |   434 |   837 |   681 ||  2151
         Punch             |     1 |     1 |    10 |    11 |    10 ||    33
         Tailslap          |       |       |       |     1 |       ||     1
   Fire: Sling             |    12 |     5 |       |       |       ||    17
 Invoke: Ancestor Life: Kn |       |       |       |     1 |       ||     1
         Recall Ancestor   |       |       |       |     8 |     1 ||     9
  Evoke: Wand              |       |     7 |    11 |    10 |     3 ||    31
    Use: Scroll            |       |     1 |     5 |    23 |       ||    29
         Potion            |       |       |     4 |     1 |       ||     5
   Stab: Sleeping          |     2 |     2 |     3 |     3 |     3 ||    13
         Distracted        |       |       |     3 |     5 |     9 ||    17
 Armour: Leather armour    |    26 |       |       |       |       ||    26
         Ring mail         |     2 |    25 |    97 |    88 |   102 ||   314
  Dodge: Dodged            |    69 |    46 |   299 |   403 |   430 ||  1247

Table legend: (Time is in decaauts)
 A = Elapsed time spent in this place.
 B = Non-inter-level travel time spent in this place.
 C = Inter-level travel time spent in this place.
 D = Time resting spent in this place.
 E = Time spent auto-exploring this place.
 F = Levels seen in this place.
 G = Mean time per level.
                   A        B        C        D        E       F      G
               +--------+--------+--------+--------+--------+-----+--------+
         Total |  24718 |  23995 |    723 |   9333 |  10557 |  17 | 1454.0 |
       Dungeon |  16721 |  16118 |    603 |   7051 |   6471 |  11 | 1520.1 |
        Temple |    247 |    210 |     37 |      0 |    199 |   1 |  247.0 |
          Lair |   7749 |   7667 |     82 |   2282 |   3886 |   5 | 1549.8 |
               +--------+--------+--------+--------+--------+-----+--------+

Top non-repeatable levels by time:
     D:7: 5537 daAuts
  Lair:5: 2167 daAuts
     D:6: 1865 daAuts
  Lair:4: 1650 daAuts
     D:9: 1623 daAuts
  Lair:3: 1618 daAuts
  Lair:2: 1563 daAuts
     D:8: 1334 daAuts
     D:3: 1301 daAuts
    D:10: 1237 daAuts
     D:5: 1227 daAuts
     D:2: 881 daAuts
     D:1: 868 daAuts
  Lair:1: 748 daAuts
     D:4: 627 daAuts
